 Dungeon Crawl Stone Soup version 0.29.1-2-gbd0b4ee654 (webtiles) character file.

Game seed: 605585587181468763

56 Tiocfaidh the Shooter (level 3, -7/20 HPs)
             Began as a Tengu Arcane Marksman on Nov 11, 2022.
             Killed from afar by Ijyb (16 damage)
             ... with a bolt of acid
             ... on level 3 of the Dungeon.
             The game lasted 00:12:20 (2179 turns).

Tiocfaidh the Shooter (Tengu Arcane Marksman)       Turns: 2179, Time: 00:12:20

Health: -7/20      AC:  5    Str: 10    XL:     3   Next: 97%
Magic:  5/5        EV: 12    Int: 13    God:
Gold:   131        SH:  0    Dex: 16    Spells: 3/4 levels left

rFire   . . .      SeeInvis .   m - +1 short sword (speed)
rCold   . . .      Faith    .   (no shield)
rNeg    . . .      Spirit   .   c - +0 robe
rPois   .          Reflect  .   (helmet restricted)
rElec   .          Harm     .   n - +1 cloak
rCorr   .          Rampage  .   j - +0 pair of gloves
Will    .....                   (boots unavailable)
Stlth   ++........              d - amulet of the acrobat
HPRegen 0.06/turn               (no ring)
MPRegen 0.09/turn               (no ring)

@: no status effects
A: beak, talons 3
a: no special abilities


You were on level 3 of the Dungeon.
You visited 1 branch of the dungeon, and saw 3 of its levels.

You collected 203 gold pieces.
You spent 72 gold pieces at shops.

Inventory:

Hand Weapons
 a - a +1 sling
 m - a +1 short sword of speed (weapon)
 p - a +0 arbalest
Armour
 c - a +0 robe (worn)
 j - a +0 pair of gloves (worn)
 n - a +1 cloak (worn)
Jewellery
 d - an amulet of the acrobat (around neck)
Scrolls
 b - 2 scrolls of poison
 i - 5 scrolls of teleportation
 k - a scroll of amnesia
 l - a scroll of identify
 q - a scroll of vulnerability
Potions
 f - a potion of curing {unknown}
 g - a potion of degeneration {unknown}
 h - a potion of mutation {unknown}
 o - a potion of haste {unknown}


   Skills:
 + Level 1.2 Fighting
 + Level 3.9 Ranged Weapons
 + Level 2.2 Dodging
 + Level 0.2 Stealth
 + Level 1.1 Spellcasting
 + Level 2.4 Hexes


You had 3 spell levels left.
You knew the following spells:

 Your Spells              Type           Power      Damage    Failure   Level
a - Slow                  Hex            28%        N/A       10%         1

Your spell library contained the following spells:

 Spells                   Type           Power      Damage    Failure   Level
 Summon Small Mammal      Summ           0%         N/A       28%         1
 Inner Flame              Hex/Fire       3%         N/A       45%         3
 Portal Projectile        Hex/Tloc       6%         N/A       45%         3
 Summon Guardian Golem    Hex/Summ       3%         N/A       45%         3
 Call Canine Familiar     Summ           0%         N/A       63%         3
 Cause Fear               Hex            3%         N/A       69%         4
 Borgnjor's Revivificati  Necr           0%         N/A       100%        8
 Necromutation            Tmut/Necr      0%         N/A       100%        8
 Death's Door             Necr           0%         N/A       100%        9


Dungeon Overview and Level Annotations

Branches:
Dungeon (3/15)

Altars:
Sif Muna

Shops:
D:3 :*

Annotations:
D:3 Ijyb


Innate Abilities, Weirdness & Mutations

You have a beak for a mouth.
You have claws for feet.


Message History

Fire: p) +0 arbalest
Press: ? - help, Q - select action, (/) - cycle Shift-Dir - straight line, f - Ijyb
Aim: Ijyb, wielding a +0 dagger, wearing a +0 chain mail and carrying a wand of acid (9) (wandering, hasn't noticed you, 54% to hit)
You shoot a bolt. The bolt closely misses Ijyb.
Ijyb shouts!
Ijyb zaps a wand.
The bolt of acid hits you!
Fire: p) +0 arbalest
Press: ? - help, Q - select action, (/) - cycle Shift-Dir - straight line, f/p - Ijyb
Aim: Ijyb, wielding a +0 dagger, wearing a +0 chain mail and carrying a wand of acid (8) (54% to hit)
You shoot a bolt. The bolt barely misses Ijyb.
Ijyb hits you with a +0 dagger.
Unknown command.
Your hands tingle!
m - a +1 short sword of speed (weapon)
You barely miss Ijyb.
Ijyb screams, "Die!"
Ijyb hits you but does no damage.
You hit Ijyb but do no damage. Your kick misses Ijyb. Your peck misses Ijyb.
Ijyb misses you.
You barely miss Ijyb. Your kick misses Ijyb. Your peck misses Ijyb.
You hit Ijyb but do no damage. You claw Ijyb!
Ijyb is moderately wounded.
Ijyb barely misses you.
You hit Ijyb but do no damage.
Ijyb is moderately wounded.
Ijyb screams, "I no like you!" Ijyb barely misses you.
You hit Ijyb but do no damage. You claw Ijyb. You peck Ijyb, but do no damage.
Ijyb is heavily wounded.
Ijyb hits you but does no damage.
You barely miss Ijyb.
Ijyb is heavily wounded.
Ijyb hits you with a +0 dagger.
You closely miss Ijyb. You claw Ijyb, but do no damage.
Ijyb is heavily wounded.
You hit Ijyb. You claw Ijyb, but do no damage.
Ijyb is severely wounded.
Ijyb zaps a wand.
The bolt of acid hits you!
Ouch! That really hurt!
You die...

#.## #.# #..# #.# ##.#
#.# #.# #.# # #.# #.#
...####.#######.########
#.....)................
..##.....#######..#####
#.....# #@.#
#..........#....g##
##...#..#.)..###.#
#..........## #.'
#..#......#..# ###
#............# #.
........ ..


You could see Ijyb.

Vanquished Creatures
  An adder (D:2)
  6 endoplasms
  4 goblins
  3 hobgoblins (D:1)
  4 jackals (D:2)
  3 quokkas (D:2)
  6 ball pythons
  3 bats (D:2)
  4 frilled lizards
  6 kobolds
  4 rats
44 creatures vanquished.

Notes
Turn   | Place    | Note
-------+----------+-------------------------------------------
     0 | D:1      | Tiocfaidh the Tengu Arcane Marksman began the quest for the
                  | Orb.
     0 | D:1      | Reached XP level 1. HP: 12/12 MP: 3/3
   656 | D:1      | Reached XP level 2. HP: 15/16 MP: 4/4
   771 | D:1      | Found a faded altar of an unknown god.
  1137 | D:2      | Reached skill level 3 in Ranged Weapons
  1137 | D:2      | Reached XP level 3. HP: 20/20 MP: 5/5
  1972 | D:3      | Found Diyps's Book Shop.
  2018 | D:3      | Found a shimmering blue altar of Sif Muna.
  2109 | D:3      | Found Paenkec's General Store.
  2128 | D:3      | Bought 3 scrolls of identify for 72 gold pieces
  2167 | D:3      | Noticed Ijyb
  2179 | D:3      | Killed from afar by Ijyb

Illustrated notes

Levels and vault maps discovered:
D:1:      dpeg_arrival_water_fire, layout_rooms,
          shapermc_ecumenical_altar_notcrosses, nicolae_titane
D:2:      layout_loops_cross, minmay_pentomino_x4
D:3:      layout_rooms, amcnicky_altar_gilded, gammafunk_temple_overflow_statue,
          serial_shops, nicolae_shop_waterfront, shop, shop,
          minmay_misc_feat_plants, uniq_ijyb

Skill      XL: |  1  2 |
---------------+-------+-----
Ranged Weapons | 3 |  3.9
Fighting       | |  1.2
Dodging        | |  2.2
Stealth        | |  0.2
Spellcasting   | |  1.1
Hexes          | |  2.4

Action                   || total
-------------------------++-------
Melee: Short sword       ||     9
       Kick              ||     4
       Peck              ||     1
 Fire: Sling             ||   116
       Arbalest          ||     3
  Use: Scroll            ||     5
Armor: Robe              ||    10
Dodge: Dodged            ||    40
